 Dungeon Crawl Stone Soup version 0.29.0-13-gc9e81de378 (webtiles) character file.

Game seed: 4170612975766447124

544 xian the Chiller (level 7, -5/47 HPs)
             Began as a Merfolk Ice Elementalist on Sept 11, 2022.
             Was an Initiate of Vehumet.
             Slain by Pikel
             ... wielding a +0 whip of electrocution
              (7 damage)
             ... on level 5 of the Dungeon.
             The game lasted 00:14:06 (4880 turns).

xian the Chiller (Merfolk Ice Elementalist)         Turns: 4880, Time: 00:14:07

Health: -5/47      AC:  4    Str: 14    XL:     7   Next: 27%
Magic:  5/14       EV: 12    Int: 16    God:    Vehumet [......]
Gold:   203        SH:  0    Dex: 15    Spells: 8/15 levels left

rFire   x . .      SeeInvis .   a - +2 dagger (venom)
rCold   + . .      Faith    .   (no shield)
rNeg    . . .      Spirit   .   e - +0 leather armour
rPois   .          Reflect  .   o - +1 hat
rElec   .          Harm     .   (no cloak)
rCorr   .          Rampage  .   (no gloves)
Will    .....                   (no boots)
Stlth   ++........              s - amulet of the acrobat
HPRegen 0.15/turn               q - ring of ice
MPRegen 0.14/turn               z - +6 ring of strength

@: mighty
A: (nimble swimmer 2), mertail
a: Renounce Religion


You were on level 5 of the Dungeon.
You worshipped Vehumet.
Vehumet was noncommittal.
You visited 2 branches of the dungeon, and saw 6 of its levels.

You collected 203 gold pieces.

Inventory:

Hand Weapons
 a - a +2 dagger of venom (weapon)
Missiles
 v - 6 poisoned darts
Armour
 e - a +0 leather armour (worn)
 o - a +1 hat (worn)
Jewellery
 q - a ring of ice (left hand)
 s - an amulet of the acrobat (around neck)
 z - a +6 ring of strength (right hand)
Scrolls
 d - a scroll of vulnerability {unknown}
 f - a scroll of amnesia {unknown}
 i - a scroll of fear {unknown}
 j - a scroll of fog {unknown}
 l - 6 scrolls of teleportation
 m - a scroll of blinking {unknown}
 n - a scroll of identify {unknown}
 r - a scroll of poison {unknown}
 t - a scroll of magic mapping {unknown}
 y - a scroll of enchant armour {unknown}
 A - a scroll of noise {unknown}
Potions
 b - a potion of magic
 c - a potion of invisibility {unknown}
 g - a potion of cancellation
 h - a potion of mutation {unknown}
 k - a potion of degeneration {unknown}
 p - a potion of haste {unknown}
 u - a potion of resistance
 w - a potion of might
 x - a potion of curing {unknown}


   Skills:
 + Level 0.8 Fighting
 + Level 1.0 Short Blades
 + Level 1.6 Armour
 + Level 3.2 Dodging
 + Level 2.9 Stealth
 + Level 4.7 Spellcasting
 + Level 6.4 Ice Magic


You had 8 spell levels left.
You knew the following spells:

 Your Spells              Type           Power      Damage    Failure   Level
a - Freeze                Ice            100%       1d11      1%          1
b - Frozen Ramparts       Ice            72%        1d11      4%          3
c - Ozocubu's Armour      Ice            36%        N/A       4%          3

Your spell library contained the following spells:

 Spells                   Type           Power      Damage    Failure   Level
 Apportation              Tloc           6%         N/A       19%         1
 Hailstorm                Conj/Ice       21%        3d6       45%         4
 Cause Fear               Hex            1%         N/A       88%         4
 Alistair's Intoxication  Tmut/Pois      2%         N/A       99%         5
 Dragon Form              Tmut           1%         N/A       100%        7
 Dragon's Call            Summ           1%         N/A       100%        9


Dungeon Overview and Level Annotations

Branches:
Dungeon (5/15)             Temple (1/1) D:4

Altars:
Ashenzari
Makhleb
Qazlal
Ru
Trog
Uskayaw
Vehumet
Wu Jian
Xom
The Shining One

Shops:
D:3 (   D:4 =

Annotations:
D:5 Pikel


Innate Abilities, Weirdness & Mutations

((You are very nimble when in or above water. (Stealth+, EV+, Speed+++)))
Your lower body shifts to a powerful aquatic tail in water.


Message History

The wall freezes the lemure.
Pikel completely resists.
The wall freezes Pikel but does no damage.
Pikel hits you with a +0 whip of electrocution.
The wall freezes the lemure! x2
You feel a surge of power!
You freeze the lemure!
The lemure is severely wounded.
The wall freezes the lemure. x2; Pikel resists.
The wall freezes Pikel.
Pikel hits you with a +0 whip of electrocution.
The wall freezes the lemure.
The lemure hits you but does no damage.
You feel a surge of power!
You freeze the lemure.
The lemure is almost dead.
The wall freezes the lemure.
The lemure hits you but does no damage.
The wall freezes Pikel but does no damage.
Pikel hits you with a +0 whip of electrocution.
You are electrocuted!
* * * LOW HITPOINT WARNING * * *
The wall freezes the lemure.
The wall freezes the lemure!
You kill the lemure!
That felt strangely unrewarding.
It was a potion of resistance.
You feel protected.
The wall freezes the lemure!
Pikel resists.
The wall freezes Pikel.
Pikel hits you with a +0 whip of electrocution.
* * * LOW HITPOINT WARNING * * *
The wall freezes the lemure!
You kill the lemure!
That felt strangely unrewarding.
It was a potion of cancellation.
Your magical effects are unravelling.
You feel magically purged.
Your icy armour evaporates.
The frozen ramparts melt away.
Your resistance to elements expires.
Pikel completely misses you. The lemure hits you!
* * * LOW HITPOINT WARNING * * *
Unknown command.
It was a potion of might.
You feel very mighty all of a sudden.
Pikel hits you with a +0 whip of electrocution!
You die...

....####.....##
...............
...............
.............K.
...........5.
#.......5.#
#....5....#
#....#####
+....'.K@#
#....#..5#
#....######
#.........#
+.........#
#.........#
#.........#
#.........#
#.........#


You could see Pikel and a lemure.

Vanquished Creatures
  Sigmund (D:3)
  2 lemures (D:5)
  A bullfrog (D:3)
  2 scorpions (D:4)
  A hound (D:5)
  A jelly (D:4)
  An iguana (D:5)
  An orc wizard (D:3)
  2 adders
  A shadow imp (D:4)
  A worm (D:3)
  3 dart slugs
  7 orcs
  3 endoplasms
  4 giant cockroaches
  6 goblins
  3 hobgoblins
  7 kobolds
  6 quokkas
  4 ball pythons
  4 bats
  4 frilled lizards
  4 rats
69 creatures vanquished.

Notes
Turn   | Place    | Note
-------+----------+-------------------------------------------
     0 | D:1      | xian the Merfolk Ice Elementalist began the quest for the
                  | Orb.
     0 | D:1      | Reached XP level 1. HP: 13/13 MP: 3/3
   162 | D:1      | Found a faded altar of an unknown god.
   185 | D:1      | Reached XP level 2. HP: 16/19 MP: 0/5
   474 | D:1      | Reached skill level 5 in Ice Magic
   853 | D:1      | Reached XP level 3. HP: 18/24 MP: 6/6
   857 | D:1      | Learned a level 3 spell: Frozen Ramparts
  2185 | D:2      | Found a sacrificial altar of Ru.
  2403 | D:3      | Found a shimmering altar of Xom.
  2422 | D:3      | Reached XP level 4. HP: 26/30 MP: 0/8
  2426 | D:3      | Learned a level 3 spell: Ozocubu's Armour
  2860 | D:3      | Noticed a bullfrog
  2864 | D:3      | Killed a bullfrog
  2865 | D:3      | Reached XP level 5. HP: 34/35 MP: 1/9
  3104 | D:3      | Found Dujir's Weapon Emporium.
  3171 | D:3      | Found a sacrificial altar of Ru.
  3261 | D:3      | Noticed Sigmund
  3294 | D:3      | Killed Sigmund
  3295 | D:3      | Reached skill level 1 in Armour
  3295 | D:3      | Reached skill level 6 in Ice Magic
  3295 | D:3      | Reached XP level 6. HP: 39/42 MP: 4/12
  3714 | D:4      | Reached skill level 1 in Short Blades
  3957 | D:4      | Reached XP level 7. HP: 43/47 MP: 8/13
  4118 | D:4      | Found Rogoirr's Jewellery Boutique.
  4333 | D:4      | Found a staircase to the Ecumenical Temple.
  4343 | Temple   | Entered the Ecumenical Temple
  4442 | Temple   | Became a worshipper of Vehumet
  4671 | D:5      | Entered Level 5 of the Dungeon
  4862 | D:5      | Noticed Pikel
  4879 | D:5      | HP: 2/47 [lemure[Pikel] (8)]
  4880 | D:5      | Slain by Pikel

Illustrated notes

Levels and vault maps discovered:
D:1:      psy_arrival_fountain, layout_basic,
          shapermc_ecumenical_altar_totnotflames, minmay_misc_feat_five
D:2:      layout_basic, basic_altar, chequers_hall_statues_y
D:3:      layout_basic, mainiacjoe_overflow_paths, hangedman_ru_absence,
          serial_shops, nicolae_shop_advertising_works
          [nicolae_subvault_shop_adworks], minmay_close_crescents, uniq_sigmund
D:4:      layout_basic, minmay_temple_entry_water_ring, serial_shops, shop,
          hangedman_decor_diamond_cutter
D:5:      layout_gridville, minitemple, uniq_grinder, uniq_pikel
Temple:   nicolae_temple_colour_theory

Skill      XL: |  1  2  3  4  5  6 |
---------------+-------------------+-----
Ice Magic      | 5 6 |  6.4
Dodging        | 3 |  3.2
Spellcasting   | 3 4 |  4.7
Armour         | 1 |  1.6
Short Blades   | 1 |  1.0
Fighting       | |  0.8
Stealth        | |  2.9

Action                   |  1- 3 |  4- 6 |  7- 9 || total
-------------------------+-------+-------+-------++-------
Melee: Club              |     3 |       |       ||     3
       Dagger            |    37 |    11 |     8 ||    56
 Cast: Freeze            |    37 |    29 |    20 ||    86
       Frozen Ramparts   |     2 |     3 |     3 ||     8
       Ozocubu's Armour  |       |     3 |     2 ||     5
  Use: Potion            |       |     1 |     3 ||     4
       Scroll            |       |       |     1 ||     1
 Stab: Sleeping          |     1 |     1 |       ||     2
Armor: Leather armour    |    17 |    10 |     5 ||    32
Dodge: Dodged            |    43 |    23 |    19 ||    85
